 Dungeon Crawl Stone Soup version 0.27.0-1-g7a08968 (webtiles) character file.

Game seed: 15272427967407417282

12924 Illumine the Impaler (level 12, -2/84 HPs)
             Began as a Merfolk Gladiator on Aug 19, 2021.
             Was a Priest of Hepliaklqana.
             Killed by the air
             ... invoked by Gastronok
              (29 damage)
             ... on level 2 of the Lair of Beasts on Aug 20, 2021.
             The game lasted 00:21:38 (14164 turns).

Illumine the Impaler (Merfolk Gladiator)           Turns: 14164, Time: 00:21:39

Health: -2/84      AC:  7    Str: 24    XL:     12   Next: 0%
Magic:  16/16      EV: 18    Int: 10    God:    Hepliaklqana [***...]
Gold:   776        SH:  5    Dex: 16    Spells: 13/13 levels left

rFire    + + .     SeeInvis .   d - +10 glaive "Fyniept" {vorpal, rElec rPois rC+ Int+2}
rCold    + . .     Faith    .   (shield currently unavailable)
rNeg     . . .     Spirit   .   u - +2 leather armour {rF+}
rPois    +         Reflect  +   c - +0 helmet
rElec    +         Harm     .   (no cloak)
rCorr    .         Rampage  .   (no gloves)
Will     .....                  p - +0 pair of boots
Stlth    +.........             x - amulet of reflection
HPRegen  0.24/turn              s - +6 ring of strength
MPRegen  0.15/turn              M - ring of protection from fire

@: slowed, studying Evocations, very slow
A: reduced essence, (nimble swimmer 2), mertail
a: Renounce Religion, Recall Ancestor, Ancestor Identity, Transference


You were on level 2 of the Lair of Beasts.
You worshipped Hepliaklqana.
Hepliaklqana was most pleased with you.
You visited 3 branches of the dungeon, and saw 13 of its levels.
You also visited: Ossuary.

You collected 776 gold pieces.

Inventory:

Hand Weapons
 d - the +10 glaive "Fyniept" (weapon) {vorpal, rElec rPois rC+ Int+2}
   (You acquired it on level 7 of the Dungeon)

   It inflicts extra damage upon your enemies.
   Int:       It affects your intelligence (+2).
   rC:        It protects you from cold.
   rElec:     It insulates you from electricity.
   rPois:     It protects you from poison.
 E - a +1 vampiric trident
 F - the +4 rapier of the Toadstool {venom, *Corrode rPois Dex+3 Stlth+}
   (You found it on level 10 of the Dungeon)

   It poisons the flesh of those it strikes.
   Dex:       It affects your dexterity (+3).
   rPois:     It protects you from poison.
   *Corrode:  It may corrode you when you take damage.
   Stlth:     It makes you more stealthy.
Missiles
 h - 3 javelins (quivered)
 m - 74 poisoned darts
 A - 2 throwing nets
 I - 5 silver boomerangs
Armour
 c - a +0 helmet (worn)
 p - a +0 pair of boots (worn)
 u - a +2 leather armour of fire resistance (worn)
Jewellery
 f - a ring of ice
 g - an amulet of faith
 r - a ring of ice
 s - a +6 ring of strength (left hand)
 x - an amulet of reflection (around neck)
 M - a ring of protection from fire (right hand)
Wands
 a - a wand of mindburst (29)
 i - a wand of paralysis (8)
 w - a wand of acid (22)
 B - a wand of flame (19)
Scrolls
 b - 3 scrolls of amnesia
 n - 2 scrolls of magic mapping
 o - 4 scrolls of teleportation
 q - a scroll of holy word {unknown}
 y - a scroll of silence {unknown}
 C - a scroll of immolation {unknown}
 D - 2 scrolls of fear
 K - a scroll of blinking {unknown}
 L - 2 scrolls of enchant weapon
 N - a scroll of vulnerability {unknown}
Potions
 e - a potion of resistance
 j - 5 potions of curing
 k - 2 potions of brilliance
 l - 2 potions of lignification
 t - a potion of degeneration {unknown}
 v - a potion of attraction {unknown}
 z - a potion of cancellation {unknown}
 G - a potion of invisibility {unknown}
 H - 2 potions of heal wounds
 J - 2 potions of ambrosia


   Skills:
 + Level 8.9 Fighting
 * Level 15.4 Polearms
 + Level 6.0 Throwing
 - Level 4.0 Armour
 + Level 10.9 Dodging
 + Level 1.1 Spellcasting
 + Level 5.3 Invocations
 + Level 6.5 Evocations


You had 13 spell levels left.
You didn't know any spells.
Your spell library contained the following spells:

 Spells                   Type           Power      Damage    Failure   Level
 Call Canine Familiar     Summ           0%         N/A       75%         3
 Gell's Gravitas          Tloc           0%         N/A       75%         3
 Lesser Beckoning         Tloc           0%         N/A       75%         3
 Portal Projectile        Hex/Tloc       0%         N/A       75%         3
 Teleport Other           Tloc           0%         N/A       75%         3
 Animate Armour           Summ/Erth      0%         N/A       98%         4
 Leda's Liquefaction      Hex/Erth       0%         N/A       98%         4
 Blade Hands              Tmut           0%         N/A       100%        5
 Iron Shot                Conj/Erth      0%         9d1       100%        6


Dungeon Overview and Level Annotations

Branches:
Dungeon (10/15)            Temple (1/1) D:5            Lair (2/6) D:10
Ossuary (visited)
  Swamp: Lair:2-4    Shoals: Lair:2-4     Snake: Lair:2-4    Spider: Lair:2-4
    Orc: D:9-12

Altars:
Ashenzari
Cheibriados
Dithmenos
Elyvilon
Fedhas
Gozag
Hepliaklqana
Kikubaaqudgha
Makhleb
Nemelex Xobeh
Okawaru
Qazlal
Ru
Sif Muna
Uskayaw
Vehumet
Wu Jian
Xom
Yredelemnul
Zin
The Shining One

Shops:
D:2 :   D:3 [

Annotations:
D:9 3 runed translucent doors, Beibim's ghost, novice VSBr
Lair:2 Gastronok


Innate Abilities, Weirdness & Mutations

Your life essence is reduced to manifest your ancestor. (-10% HP)
((You are quick and stealthy near water. (Stealth+, EV+, Speed+++)))
Your lower body shifts to a powerful aquatic tail in water.


Message History

Your experience leads to an increase in your attributes!
Your base attributes are Str 17, Int 8, Dex 16.
Increase (S)trength, (I)ntelligence, or (D)exterity?
You feel stronger.
Namzu remembers more of his old skill.
You start resting.
A bullfrog comes into view.
You could not reach far enough!
Namzu blocks the bullfrog's attack.
Namzu hits the bullfrog with a +0 flail!
You reach to attack!
You slice the bullfrog!!
You kill the bullfrog!
You start resting.
Magic restored.
You see here a yak corpse.
A torpor snail is nearby!
A torpor snail is nearby!
Gastronok the Ponderous comes into view.
He is wearing a +1 hat of see invisible.
Gastronok gurgles horribly!
Being near the torpor snail leaves you feeling lethargic.
Gastronok waves his eye-stalks in wide circles.
The air twists around and strikes you!!
You swap places.
The torpor snail bites Namzu!!
Namzu completely misses the torpor snail.
You reach to attack!
You slash the torpor snail!
The torpor snail is moderately wounded.
Namzu blocks the torpor snail's attack.
You could not reach far enough!
Namzu hits the torpor snail with a +0 flail.
Namzu blocks the torpor snail's attack.
Namzu hits the torpor snail with a +0 flail!
You could not reach far enough!
Namzu blocks the torpor snail's attack.
Gastronok waves his eye-stalks in wide circles.
The air twists around and strikes you!!!
You are too injured to fight recklessly!
Okay, then.
Namzu hits the torpor snail with a +0 flail! x2
Gastronok waves his eye-stalks in wide circles.
The air twists around and strikes you!!
You die...

..P............>
#..............
##.....####..#
#...........### #####
###..###P#....###.#P#.###
#..# ##.#†.##.........
##.####.##...#..########
#..#.#.#.#.<.....## #.###
#.....####...†@...##......
##..##.# ##..#...w..#.#.#
#### #.# #..#...R........
#......##.#....8...
#..#.######w.....w #.##.#
)8...8. ..#..# .......
##.#..# ...8... # !.w....


You could see the friendly Namzu the knight (slow), Gastronok and a torpor snail
(ally target).

Vanquished Creatures
  A death knight (D:9)
  Joseph (D:10)
  A komodo dragon (Lair:1)
  Sigmund (D:4)
  A wyvern (D:10)
  17 yaks
  A wraith (D:9)
  Eustachio (D:5)
  A steam dragon (D:7)
  An acid dragon (D:9)
  2 water moccasins
  3 orc warriors
  A black bear (D:8)
  A sky beast (D:5)
  An ogre (D:6)
  3 necrophages (D:10)
  6 centaurs
  3 phantoms
  A kobold brigand (D:8)
  2 elf zombies (Ossuary)
  6 bullfrogs
  2 scorpions
  14 wights
  4 killer bees (D:9)
  A howler monkey (D:10)
  3 centaur zombies
  4 hounds
  3 bullfrog zombies
  4 orc priests
  2 human zombies
  A jelly (D:5)
  2 gnoll shamans (D:5)
  An iguana (D:4)
  A human skeleton (D:4)
  8 orc wizards
  A killer bee zombie (D:5)
  A hound zombie (D:4)
  A hound skeleton (D:2)
  3 mummies
  Robin (D:4)
  7 adders
  16 gnolls
  An adder skeleton (D:4)
  3 worms (D:2)
  2 dart slugs
  17 orcs
  8 endoplasms
  4 giant cockroaches
  5 gnoll zombies (Ossuary)
  15 goblins
  7 hobgoblins
  4 jackals
  12 kobolds
  2 quokkas
  6 ball pythons
  3 bats
  2 frilled lizards (D:2)
  A goblin zombie (Ossuary)
  2 hobgoblin zombies (Ossuary)
  3 orc skeletons (D:4)
  4 orc zombies
  8 rats
244 creatures vanquished.

Vanquished Creatures (collateral kills)
  A hydra (Lair:1)
  A centaur warrior (D:9)
  A komodo dragon (D:10)
  2 wyverns
  8 yaks
  A basilisk (Lair:2)
  An orc warrior (D:10)
  A black bear (D:10)
  A kobold brigand (D:8)
  A wyvern skeleton (D:4)
  2 wights (D:8)
  2 howler monkeys (D:10)
  An orc wizard (D:9)
  3 orcs
  2 goblins (D:4)
  A hobgoblin (D:4)
  3 kobolds (D:8)
32 creatures vanquished.

Vanquished Creatures (others)
  2 knights (D:9)
  4 ancestors
  6 fungi
  6 plants
  2 withered plants (D:10)
20 creatures vanquished.

Grand Total: 296 creatures vanquished

Notes
Turn   | Place    | Note
-------+----------+-------------------------------------------
     0 | D:1      | Illumine the Merfolk Gladiator began the quest for the Orb.
     0 | D:1      | Reached XP level 1. HP: 16/16 MP: 1/1
    61 | D:1      | Found a faded altar of an unknown god.
   307 | D:1      | Reached XP level 2. HP: 23/23 MP: 2/2
   451 | D:1      | Reached skill level 5 in Polearms
   871 | D:2      | Reached XP level 3. HP: 19/28 MP: 3/3
  1493 | D:2      | Reached XP level 4. HP: 30/34 MP: 4/4
  1612 | D:2      | Found Wizom's Book Shoppe.
  1734 | D:2      | Reached skill level 6 in Polearms
  2191 | D:3      | Found Syuhext's Antique Armour Boutique.
  2542 | D:3      | Reached XP level 5. HP: 41/41 MP: 5/5
  2642 | D:4      | Reached skill level 5 in Dodging
  2804 | D:4      | Found a sand-covered staircase.
  2811 | Ossuary  | Entered an ossuary
  3036 | Ossuary  | Reached skill level 7 in Polearms
  3036 | Ossuary  | Reached XP level 6. HP: 22/48 MP: 6/6
  3608 | D:4      | Noticed Robin
  3761 | D:4      | Reached skill level 8 in Polearms
  3761 | D:4      | Reached XP level 7. HP: 37/54 MP: 7/7
  4219 | D:4      | Noticed Sigmund
  4278 | D:5      | Entered Level 5 of the Dungeon
  4945 | D:5      | Reached skill level 9 in Polearms
  4986 | D:5      | Noticed Eustachio
  5031 | D:5      | Killed Eustachio
  5363 | D:5      | Found a staircase to the Ecumenical Temple.
  5375 | D:5      | Reached skill level 5 in Fighting
  5375 | D:5      | Reached XP level 8. HP: 48/62 MP: 8/8
  5378 | Temple   | Entered the Ecumenical Temple
  5591 | Temple   | Became a worshipper of Hepliaklqana the Forgotten
  6228 | D:6      | Reached skill level 10 in Polearms
  6345 | D:5      | Reached skill level 1 in Armour
  6969 | D:7      | Reached skill level 11 in Polearms
  7020 | D:7      | Reached XP level 9. HP: 52/67 MP: 9/9
  7796 | D:8      | Reached * piety under Hepliaklqana
  8067 | D:8      | Reached skill level 12 in Polearms
  8536 | D:8      | Reached skill level 1 in Invocations
  8562 | D:7      | Reached XP level 10. HP: 59/71 MP: 9/11
  8583 | D:7      | Identified 2 scrolls of acquirement
  8583 | D:7      | Acquired the +10 glaive "Fyniept" {vorpal, rElec rPois rC+
                  | Int+2}
  8586 | D:7      | Acquired a manual of Evocations
  8860 | D:9      | Reached skill level 1 in Evocations
  8867 | D:9      | Reached skill level 13 in Polearms
  9092 | D:9      | Reached ** piety under Hepliaklqana
  9128 | D:9      | Remembered your ancestor Namzu as a knight
  9272 | D:9      | Found a runed translucent gate.
  9273 | D:9      | Found a runed translucent gate.
  9274 | D:9      | Found a runed translucent gate.
  9275 | D:9      | Found an opulent altar of Gozag.
  9278 | D:9      | Noticed a fire dragon
  9279 | D:9      | Noticed Beibim's ghost (novice VSBr)
  9698 | D:4      | Killed Sigmund
  9902 | D:4      | Killed Robin
 10303 | D:9      | Noticed a centaur warrior
 10306 | D:9      | Noticed a death knight
 10310 | D:9      | Killed a centaur warrior
 10631 | D:9      | Killed a death knight
 11122 | D:9      | Reached skill level 14 in Polearms
 11122 | D:9      | Reached skill level 10 in Dodging
 11126 | D:9      | Reached XP level 11. HP: 77/77 MP: 13/13
 11448 | D:10     | Entered Level 10 of the Dungeon
 11458 | D:10     | Reached skill level 5 in Throwing
 11474 | D:10     | Identified the +4 rapier of the Toadstool {venom, *Corrode
                  | rPois Dex+3 Stlth+}
 11558 | D:10     | Noticed Joseph
 11598 | D:10     | Killed Joseph
 11951 | D:10     | Reached skill level 5 in Evocations
 12464 | D:10     | Reached *** piety under Hepliaklqana
 12673 | D:10     | Found a staircase to the Lair.
 12824 | Lair:1   | Entered Level 1 of the Lair of Beasts
 12978 | Lair:1   | Reached skill level 15 in Polearms
 13110 | Lair:1   | Noticed a four-headed hydra
 13125 | Lair:1   | Killed a four-headed hydra
 13126 | Lair:1   | Reached skill level 5 in Invocations
 14103 | Lair:2   | Reached skill level 1 in Spellcasting
 14132 | Lair:2   | Reached XP level 12. HP: 84/84 MP: 15/15
 14154 | Lair:2   | Noticed Gastronok
 14164 | Lair:2   | Killed from afar by Gastronok

Illustrated notes

Levels and vault maps discovered:
D:1:      scummos_arrival_simple_fountains, layout_basic,
          hellmonk_ecumenical_altar_pennies_from_heaven
D:2:      layout_basic, serial_shops, nicolae_shop_behind_doors
D:3:      layout_basic, serial_shops, shop, chequers_serial_rivers_large_b
D:4:      layout_cave_pools, nicolae_ossuary_entry_catacombs, kennysheep_donut,
          uniq_robin, uniq_sigmund
D:5:      layout_basic, minmay_temple_entry_overgrown, chequers_big_river,
          uniq_eustachio
D:6:      layout_rooms
D:7:      layout_loops_cross
D:8:      layout_basic, minmay_misc_feat_secret_circle
D:9:      minmay_cornered_nines, layout_basic, ebering_ghost_gozag,
          kennysheep_generic_room_15
D:10:     layout_loops_ring, nicolae_overflow_hidden_temple,
          grunt_lair_entry_orc_guard_hut, serial_undead, serial_undead_a,
          serial_undead_c, serial_undead_a, serial_undead_c, uniq_joseph
Temple:   minmay_crystal_snake_temple
Lair:1:   layout_cave_pods
Lair:2:   layout_loops_ring, nicolae_swamp_entry_splash_gauntlet, wad_woods_06,
          grunt_megastairs_4, uniq_gastronok

Skill      XL: |  1  2  3  4  5  6  7  8  9 10 11 |
---------------+----------------------------------+-----
Polearms       | 5 6 7 8 9 11 12 14 15 | 15.4
Fighting       | 3 4 5 6 7 8 |  8.9
Dodging        | 5 6 7 9 10 | 10.9
Throwing       | 3 4 6 |  6.0
Armour         | 2 3 4 |  4.0
Invocations    | 1 3 5 |  5.3
Evocations     | 4 6 |  6.5
Spellcasting   | 1 |  1.1

Action                   |  1- 3 |  4- 6 |  7- 9 | 10-12 || total
-------------------------+-------+-------+-------+-------++-------
Melee: Trident           |   124 |   241 |   194 |    13 ||   572
       Tailslap          |       |       |     1 |       ||     1
       Halberd           |       |       |   221 |       ||   221
       Glaive            |       |       |       |   196 ||   196
Throw: Throwing net      |       |       |     3 |       ||     3
Invok: Ancestor Life: Kn |       |       |       |     1 ||     1
       Ancestor Identity |       |       |       |     1 ||     1
       Recall Ancestor   |       |       |       |     2 ||     2
  Use: Potion            |       |       |     2 |       ||     2
       Scroll            |       |       |       |    12 ||    12
 Stab: Sleeping          |     2 |     2 |     1 |       ||     5
       Distracted        |       |       |     1 |     4 ||     5
Armor: Leather armour    |    19 |    46 |    81 |    38 ||   184
Dodge: Dodged            |    64 |   140 |   272 |   104 ||   580
Block: Other             |       |       |       |     8 ||     8
